 Dungeon Crawl Stone Soup version 0.24.0-10-g970556be89 (webtiles) character file.

Game seed: 16522070401569938737, levelgen mode: classic

74 EnegeticOcto the Skirmisher (level 4, 0/39 HPs)
             Began as a Mummy Chaos Knight on Nov 4, 2019.
             Was a Plaything of Xom.
             Slain by a jackal (3 damage)
             ... on level 2 of the Dungeon.
             The game lasted 00:01:19 (1943 turns).

EnegeticOcto the Skirmisher (Mummy Chaos Knight)    Turns: 1943, Time: 00:01:20

Health: 0/39       AC:  5    Str: 15    XL:     4   Next: 9%
Magic:  4/4        EV: 11    Int: 12    God:    Xom [*.....]
Gold:   84         SH:  0    Dex: 11    Spells: 3/3 levels left

rFire    x . .     SeeInvis .   a - +0 short sword (chaos)
rCold    + . .     Gourm    .   (no shield)
rNeg     + + +     Faith    .   b - +2 leather armour
rPois    ∞         Spirit   .   (no helmet)
rElec    .         Reflect  .   (no cloak)
rCorr    .         Harm     .   (no gloves)
MR       .....                  (no boots)
Stlth    +.........             (no amulet)
HPRegen  0.13/turn              e - ring of wizardry
MPRegen  0.09/turn              (no ring)

@: no status effects
A: no food or potions, fire vulnerability, cold resistance 1, negative energy
resistance 3, torment resistance, unbreathing
a: Renounce Religion


You were on level 2 of the Dungeon.
You worshipped Xom.
You were a special plaything of Xom.
You were not hungry.

You visited 1 branch of the dungeon, and saw 2 of its levels.

You collected 84 gold pieces.

Inventory:

Hand Weapons
 a - a +0 short sword of chaos (weapon)
Armour
 b - a +2 leather armour (worn)
Jewellery
 e - a ring of wizardry (left hand)
Scrolls
 c - a scroll of identify {unknown}
 d - a scroll of remove curse {unknown}


   Skills:
 + Level 5.0 Fighting
 - Level 2.4 Short Blades
 - Level 1.5 Armour
 - Level 0.7 Dodging


You had 3 spell levels left.
You didn't know any spells.
Your spell library was empty.

Dungeon Overview and Level Annotations

Branches:
Dungeon (2/15)

Altars:


Innate Abilities, Weirdness & Mutations

You do not eat or drink.
Your flesh is vulnerable to fire.
You are immune to poison.
Your flesh is cold resistant. (rC+)
You are immune to negative energy. (rN+++)
You are immune to unholy pain and torment.
You can survive without breathing.


Message History

The hobgoblin is severely wounded.
The hobgoblin barely misses you.
You hit the hobgoblin but do no damage.
The hobgoblin is poisoned.
The hobgoblin is severely wounded.
You kill the hobgoblin!
No target in view!
No target in view!
No target in view!
No target in view!
No target in view!
Natasha, Servant of Life and Death comes into view.
You start resting.
HP restored.
Xom's attention turns to you for a moment.
Frost spreads across the the floor.
Things that are here:
a +0 club; a hobgoblin corpse No target in view!
No target in view!
No target in view!
No target in view!
A jackal comes into view.
There are monsters nearby!
e - an onyx ring
e - a ring of wizardry (left hand)
A jackal comes into view.
The jackal barks!
You hear an angry hiss.
You hear a bark!
A jackal comes into view.
A jackal comes into view.
The jackal barks!
The jackal barely misses you.
The jackal barks!
You hit the jackal.
The jackal is poisoned.
The jackal is moderately wounded.
The jackal barely misses you.
You hit the jackal.
You kill the jackal!
Natasha hisses.
Natasha casts a spell at you. The magic dart hits you!
You completely miss Natasha. The jackal bites you. Natasha barely misses you.
You hit Natasha.
Space bends around Natasha.
Natasha is severely wounded.
Natasha claws you. The jackal barely misses you.
You hit Natasha.
Natasha seems to speed up.
Natasha is almost dead.
The jackal bites you. Natasha claws you. The jackal bites you.
You are too injured to fight recklessly!
You are too injured to fight recklessly!
You are too injured to fight recklessly!
You are too injured to fight recklessly!
You are too injured to fight recklessly!
You are too injured to fight recklessly!
You hit Natasha. You freeze Natasha.
You kill Natasha!
Natasha yowls pathetically as she dies!
Your Fighting skill increases to level 5!
You have reached level 4!
The jackal bites you.
The jackal bites you but does no damage.
The jackal bites you.
* * * LOW HITPOINT WARNING * * *
The jackal misses you. x2
The jackal bites you.
* * * LOW HITPOINT WARNING * * *
Found 17 gold pieces.
You closely miss the jackal. The jackal closely misses you.
You closely miss the jackal.
The jackal bites you but does no damage.
You closely miss the jackal.
The jackal bites you but does no damage.
The jackal closely misses you.
You closely miss the jackal. The jackal closely misses you.
You hit the jackal.
You kill the jackal!
The jackal barely misses you.
You closely miss the jackal. The jackal bites you.
* * * LOW HITPOINT WARNING * * *
You hit the jackal but do no damage.
The jackal bites you but does no damage.
You closely miss the jackal. The jackal bites you.
* * * LOW HITPOINT WARNING * * *
The jackal barely misses you.
You barely miss the jackal.
The jackal bites you but does no damage.
You hit the jackal but do no damage.
The jackal bites you but does no damage.
You closely miss the jackal.
The jackal bites you but does no damage.
The jackal closely misses you.
You hit the jackal but do no damage. The jackal bites you.
* * * LOW HITPOINT WARNING * * *
You barely miss the jackal. The jackal misses you.
The jackal bites you but does no damage.
You hit the jackal but do no damage.
The jackal flickers and vanishes!
Deactivating autopickup; reactivate with Ctrl-A.
Something bites you but does no damage.
You miss something. Something bites you.
You die...
Xom yawns loudly!

.....#.†......#.# #.#
...............###.# .
..##.#........#.#.#
... ..
#.##.....####.####....
.. #.##..........)...#
. #.##.#.#.......†.##
. .........####h####
.....#.#.# #{# #S ##
.# #@# #.# .#. $# #.
## .# #


You could see a jackal.

Vanquished Creatures
  Natasha (D:2)
  A dart slug (D:1)
  2 leopard geckos
  4 bats (D:1)
  2 giant cockroaches (D:1)
  3 goblins
  11 hobgoblins
  6 jackals
  3 kobolds (D:1)
  3 frilled lizards
  4 rats
40 creatures vanquished.

Notes
Turn   | Place    | Note
-------+----------+-------------------------------------------
     0 | D:1      | EnegeticOcto the Mummy Chaos Knight began the quest for the
                  | Orb.
     0 | D:1      | Reached XP level 1. HP: 18/18 MP: 1/1
    73 | D:1      | Reached XP level 2. HP: 19/24 MP: 2/2
   574 | D:1      | XOM: divination: detect creatures
   590 | D:1      | Reached skill level 4 in Fighting
   675 | D:1      | XOM: silly message
   800 | D:1      | HP: 1/25 [leopard gecko (4)]
  1140 | D:1      | XOM: medium Pois miscast
  1186 | D:1      | Reached XP level 3. HP: 28/30 MP: 3/3
  1892 | D:2      | Noticed Natasha
  1912 | D:2      | XOM: harmless Ice miscast
  1925 | D:2      | Killed Natasha
  1925 | D:2      | Reached skill level 5 in Fighting
  1925 | D:2      | Reached XP level 4. HP: 13/39 MP: 4/4
  1943 | D:2      | Slain by a jackal

Levels and vault maps discovered:
D:1:      dpeg_arrival_renting, layout_basic, nrook_mini_backslash,
          minmay_close_crescents
D:2:      layout_loops_ring, gammafunk_temple_overflow_elements, uniq_natasha

Skill      XL: |  1  2  3 |
---------------+----------+-----
Fighting       | 4 5 |  5.0
Short Blades   | |  2.4
Armour         | |  1.5
Dodging        | |  0.7

Action                   |  1- 3 |  4- 6 || total
-------------------------+-------+-------++-------
Melee: Short sword       |   155 |    15 ||   170
 Stab: Petrified         |     2 |       ||     2
Armor: Leather armour    |    74 |     9 ||    83
Dodge: Dodged            |    89 |     9 ||    98
